 Dungeon Crawl Stone Soup version 0.20.1-1-g8b1a95d (webtiles) character file.

44 darkhara the Firebug (level 3, -11/26 HPs)
             Began as a Demigod Fire Elementalist on Sept 6, 2017.
             Mangled by an ogre
             ... wielding a +0 giant club
              (15 damage)
             ... on level 5 of the Dungeon.
             The game lasted 00:10:02 (1535 turns).

darkhara the Firebug (Demigod Fire Elementalist)    Turns: 1535, Time: 00:10:03

Health: -11/26     AC: 10    Str: 11    XL:     3   Next: 22%
Magic:  7/8        EV:  5    Int: 21    God:
Gold:   144        SH:  0    Dex: 16    Spells: 0/6 levels left

rFire    . . .     SeeInvis .   d - +0 short sword
rCold    . . .     Gourm    .   (no shield)
rNeg     . . .     Faith    .   j - +2 chain mail {MR+}
rPois    .         Spirit   .   (no helmet)
rElec    .         Reflect  .   (no cloak)
rCorr    .         Harm     .   (no gloves)
MR       +....                  (no boots)
Stlth    ..........             (no amulet)
Regen    0.1/turn               (no ring)
MPRegen  0.2/turn               (no ring)

@: very slightly contaminated
A: high mp 1
a: no special abilities


You were on level 5 of the Dungeon.
You were not hungry.

You visited 1 branch of the dungeon, and saw 4 of its levels.

You collected 144 gold pieces.

Inventory:

Hand Weapons
 d - a +0 short sword (weapon)
 h - a +0 shortbow
Missiles
 i - 23 poisoned needles
Armour
 a - a +1 robe
 j - a +2 chain mail of magic resistance (worn)
Scrolls
 k - a scroll of identify
Potions
 c - a potion of haste {unknown}
 e - 2 potions of mutation
 f - a potion of curing {unknown}
 g - 2 potions of heal wounds {unknown}
Books
 b - a book of Flames

   Spells                             Type                      Level
   a - Flame Tongue                   Conjuration/Fire             1
   b - Throw Flame                    Conjuration/Fire             2
   c - Conjure Flame                  Conjuration/Fire             3
   d - Inner Flame                    Hexes/Fire                   3
   e - Sticky Flame                   Conjuration/Fire             4
   f - Fireball                       Conjuration/Fire             5


   Skills:
 + Level 2.0 Dodging
 + Level 1.8 Stealth
 + Level 2.1 Spellcasting
 + Level 0.8 Conjurations
 + Level 3.6 Fire Magic


You couldn't memorise any spells.
You knew the following spells:

 Your Spells              Type           Power        Failure   Level  Hunger
a - Flame Tongue          Conj/Fire      ##...        98%         1    #......
b - Throw Flame           Conj/Fire      ##....       99%         2    ##.....
c - Conjure Flame         Conj/Fire      ##......     100%        3    ###....


Dungeon Overview and Level Annotations

Branches:
Dungeon (5/15)
 Temple: D:4-7


Innate Abilities, Weirdness & Mutations

You have an increased reservoir of magic. (+10% MP)


Message History

Casting: Flame Tongue
Confirm with . or Enter, or press ? or * to list all spells.
The spell is very dangerous to cast!
Continue anyway?
Uppercase [Y]es or [N]o only, please.
The spell is very dangerous to cast!
Continue anyway?
Okay, then.
Casting: Throw Flame
Confirm with . or Enter, or press ? or * to list all spells.
You don't know that spell.
Casting: Throw Flame
Confirm with . or Enter, or press ? or * to list all spells.
Okay, then.
The ogre hits you with a giant club. The ogre hits you with a giant club!!
Ouch! That really hurt!
* * * LOW HITPOINT WARNING * * *
There is a stone staircase leading up here.
The ogre hits you with a giant club!
Ouch! That really hurt!
You die...

... ....
....#########
............# #
#...........#.#
#...........#.#
#........)....#
#.......[...#####
######...#..O@..#
#.###.##....# #.#
#.#..#..#
####.###.#..#.....
#........#...
.#...
#....######.# ##
.. #....# ..# .
#....# #.# #...?#


You could see an ogre.

Vanquished Creatures
  An adder (D:2)
  An ooze (D:1)
  A dart slug (D:2)
  A ball python (D:1)
  3 bats (D:1)
  A giant cockroach (D:1)
  3 goblins
  A hobgoblin (D:1)
  4 jackals (D:1)
  A quokka (D:4)
  2 frilled lizards (D:1)
  3 kobolds (D:1)
  6 rats
28 creatures vanquished.

Notes
Turn   | Place    | Note
-------+----------+-------------------------------------------
     0 | D:1      | darkhara the Demigod Fire Elementalist began the quest for the Orb.
     0 | D:1      | Reached XP level 1. HP: 14/14 MP: 5/5
   307 | D:1      | Reached skill level 3 in Fire Magic
   509 | D:1      | Reached XP level 2. HP: 20/20 MP: 2/7
  1017 | D:2      | Reached XP level 3. HP: 26/26 MP: 4/8
  1021 | D:2      | Learned a level 2 spell: Throw Flame
  1025 | D:2      | Learned a level 3 spell: Conjure Flame
  1307 | D:2      | You fall through a shaft for 2 floors!
  1495 | D:5      | Entered Level 5 of the Dungeon
  1516 | D:5      | Noticed an ogre
  1535 | D:5      | Mangled by an ogre

Skill      XL: |  1  2 |
---------------+-------+-----
Fire Magic     | 3 |  3.6
Dodging        | 2 |  2.0
Spellcasting   | 2 |  2.1
Stealth        | |  1.8
Conjurations   | |  0.8

Action                   || total
-------------------------++-------
Melee: Unarmed           ||     7
       Short sword       ||     9
 Cast: Flame Tongue      ||    43
  Use: Scroll            ||     4
  Eat: Bread ration      ||     1
Armor: Robe              ||    10
       Chain mail        ||    11
Dodge: Dodged            ||    28
